 Seeded DCSS version 0.28-a0-1594-ga885d4b3d6 (webtiles) character file.

Game seed: 11 (custom seed)

96 knot the Chopper (level 4, 0/35 HPs)
             Began as a Demonspawn Berserker on Jan 20, 2022.
             Was a Believer of Trog.
             Slain by a river rat (3 damage)
             ... in a sewer.
             The game lasted 00:01:48 (2519 turns).

knot the Chopper (Demonspawn Berserker)             Turns: 2519, Time: 00:01:48

Health: 0/35       AC:  3    Str: 17    XL:     4   Next: 41%
Magic:  4/4        EV: 12    Int: 10    God:    Trog [**....]
Gold:   85         SH:  0    Dex: 13    Spells: 3/3 levels left

rFire   . . .      SeeInvis .   a - +0 hand axe
rCold   . . .      Faith    .   (no shield)
rNeg    . . .      Spirit   .   l - +0 leather armour
rPois   .          Reflect  .   (no helmet)
rElec   .          Harm     .   (no cloak)
rCorr   .          Rampage  .   (no gloves)
Will    .....                   (no boots)
Stlth   +.........              (no amulet)
HPRegen 0.11/turn               (no ring)
MPRegen 0.09/turn               (no ring)

@: no status effects
A: powered by death 1, sturdy frame 1
a: Renounce Religion, Berserk, Trog's Hand


You were in a sewer.
You worshipped Trog.
Trog was pleased with you.
You visited 1 branch of the dungeon, and saw 3 of its levels.
You also visited: Sewer.

You collected 85 gold pieces.

Inventory:

Hand Weapons
 a - a +0 hand axe (weapon)
Missiles
 d - 39 stones (quivered)
 i - 2 boomerangs
Armour
 l - a +0 leather armour (worn)
Scrolls
 b - a scroll of fog {unknown}
 e - 5 scrolls of identify {unknown}
 k - a scroll of enchant weapon {unknown}
Potions
 c - 3 potions of brilliance {unknown}
 f - 3 potions of mutation {unknown}
 g - a potion of attraction {unknown}
 h - 2 potions of lignification {unknown}
 j - a potion of curing {unknown}
 m - a potion of magic {unknown}


   Skills:
 - Level 3.0 Fighting
 + Level 4.8 Axes
 - Level 1.7 Armour
 - Level 1.7 Dodging


You had 3 spell levels left.
You didn't know any spells.
Your spell library contained the following spells:

 Spells                   Type           Power      Damage    Failure   Level
 Blink                    Tloc           0%         N/A       52%         2
 Manifold Assault         Tloc           0%         N/A       100%        5
 Storm Form               Tmut/Air       0%         N/A       100%        7


Dungeon Overview and Level Annotations

Branches:
Dungeon (3/15)              Sewer (1/1)

Altars:


Innate Abilities, Weirdness & Mutations

You regenerate a little health from kills.
Your movements are slightly less encumbered by armour. (ER -2)


Message History

The rat is severely wounded.
You barely miss the river rat. The rat bites you but does no damage.
The river rat bites you.
You hit the rat.
You kill the rat!
Trog accepts your kill.
You hit the river rat. The river rat bites you.
You hit the river rat.
The river rat is severely wounded.
The river rat bites you.
You closely miss the river rat.
The river rat is severely wounded.
The river rat bites you but does no damage.
The river rat twitches its whiskers.
The river rat bites you but does no damage.
You hit the river rat.
You kill the river rat!
Trog accepts your kill.
You barely miss the river rat. The river rat closely misses you.
You closely miss the river rat.
The river rat twitches its whiskers.
The river rat misses you.
You closely miss the river rat. The river rat bites you.
You are too injured to fight recklessly!
You are too injured to fight recklessly!
You are too injured to fight recklessly!
You are too injured to fight recklessly!
You are too injured to fight recklessly!
You closely miss the river rat. The river rat bites you.
You barely miss the river rat.
The river rat bites you but does no damage.
You closely miss the river rat. The river rat bites you.
You barely miss the river rat.
The river rat bites you but does no damage.
You closely miss the river rat. The river rat bites you!
* * * LOW HITPOINT WARNING * * *
You hit the river rat.
The river rat is moderately wounded.
The river rat bites you.
You die... #. .# #.# #.r ## #rr

#. #r# .# #r#.# ##@# #.#†#
############†#################
≈≈≈≈#≈≈.........≈≈..≈≈≈≈≈≈≈≈≈.
≈≈≈≈#≈≈.≈...≈.....≈.≈.≈≈≈≈≈≈≈.
##############################


You could see 2 river rats and 3 rats.

Vanquished Creatures
  An adder (D:2)
  3 river rats
  A worm (D:2)
  5 endoplasms
  4 giant cockroaches
  4 goblins
  3 hobgoblins
  4 jackals
  A quokka (D:1)
  6 ball pythons
  8 bats
  3 frilled lizards
  5 kobolds
  6 rats
54 creatures vanquished.

Notes
Turn   | Place    | Note
-------+----------+-------------------------------------------
     0 | D:1      | knot the Demonspawn Berserker began the quest for the Orb.
     0 | D:1      | Reached XP level 1. HP: 18/18 MP: 1/1
    52 | D:1      | Reached skill level 3 in Axes
   334 | D:1      | Gained mutation: You regenerate a little health from kills.
                  | [demonic ancestry]
   334 | D:1      | Reached XP level 2. HP: 18/24 MP: 2/2
   902 | D:1      | Found a faded altar of an unknown god.
  1144 | D:2      | Reached ** piety under Trog
  1234 | D:2      | Gained mutation: Your movements are slightly less
                  | encumbered by armour. (ER -2) [demonic ancestry]
  1234 | D:2      | Reached XP level 3. HP: 29/29 MP: 3/3
  1450 | D:2      | Reached skill level 4 in Axes
  2139 | D:3      | Found a glowing drain.
  2162 | D:3      | Reached XP level 4. HP: 13/35 MP: 4/4
  2369 | Sewer    | Entered a sewer
  2519 | Sewer    | Slain by a river rat

Illustrated notes

Levels and vault maps discovered:
D:1:      minmay_arrival_nine_rooms, layout_rooms, basic_ecumenical_altar
D:2:      layout_basic
D:3:      layout_loops_ring, minitemple, portal_sewer_entry_b,
          lemuel_old_faithful
Sewer:    sewer_co_cracked_pipes

Skill      XL: |  1  2  3 |
---------------+----------+-----
Axes           | 3 4 |  4.8
Fighting       | |  3.0
Armour         | |  1.7
Dodging        | |  1.7

Action                   |  1- 3 |  4- 6 || total
-------------------------+-------+-------++-------
Melee: Hand axe          |   136 |    46 ||   182
       Punch             |     1 |       ||     1
Invok: Berserk           |     1 |       ||     1
 Stab: Sleeping          |     1 |       ||     1
Armor: Animal skin       |    29 |       ||    29
       Leather armour    |     4 |     9 ||    13
Dodge: Dodged            |   104 |    22 ||   126

Table legend: (Time is in decaauts)
 A = Elapsed time spent in this place.
 B = Non-inter-level travel time spent in this place.
 C = Inter-level travel time spent in this place.
 D = Time resting spent in this place.
 E = Time spent auto-exploring this place.
 F = Levels seen in this place.
 G = Mean time per level.
                   A        B        C        D        E       F      G
               +--------+--------+--------+--------+--------+-----+--------+
         Total |   2558 |   2430 |    128 |    610 |   1429 |   4 |  639.5 |
       Dungeon |   2398 |   2270 |    128 |    610 |   1334 |   3 |  799.3 |
         Sewer |    160 |    160 |      0 |      0 |     95 |   1 |  160.0 |
               +--------+--------+--------+--------+--------+-----+--------+

Top non-repeatable levels by time:
     D:1: 1223 daAuts
     D:2: 913 daAuts
     D:3: 261 daAuts
   Sewer: 160 daAuts
